Map: Abyssal Reef LE

Players

Yata

  • Race: Zerg Zerg
  • League: Gold
  • Spawn Location: 11:00

Maelstrom - Winner!

  • Race: Zerg Zerg
  • League: Platinum
  • Spawn Location: 5:00

VOD

Have the link to the VOD?

Description

Time

  • Played on: Sept. 5, 2017, 11:03 p.m.
  • Length: 10:30
Show
View Real Time Build Order
Export as new Build Order

Yata Zerg 

Build Orders: Hatch First 

Get SALT Encoding   

  12  0:01  Drone  
  13  0:12  Overlord  
  13  0:19  Drone  
  14  0:30  Drone  
  14  0:31  Drone  
  14  0:34  Drone  
  17  0:55  Hatchery  
  16  0:57  Drone  
  16  1:00  Drone  
  18  1:11  Extractor  
  18  1:16  Spawning Pool  
  16  1:20  Drone  
  16  1:22  Drone  
  18  1:28  Drone  
  19  1:39  Overlord  
  19  1:50  Drone  
  20  2:00  Drone  
  21  2:09  Queen  
  21  2:10  Queen  
  21  2:14  Zergling x2  
  21  2:15  Zergling x2, Metabolic Boost  
  27  2:20  Drone  
  28  2:23  Drone  
  29  2:30  Overlord  
  29  2:39  Baneling Nest  
  29  2:40  Zergling x4  
  29  2:43  Drone  
  31  2:51  Drone  
  32  2:59  Drone  
  32  3:04  Overlord  
  33  3:15  Zergling x4  
  35  3:23  Drone x4  
  35  3:24  Drone x3  
  35  3:27  Queen  
  42  3:29  Baneling x2  
  42  3:33  Overlord  
  44  4:04  Zergling x10  
  44  4:05  Zergling x2  
  44  4:07  Hatchery  
  45  4:14  Drone x4  
  45  4:15  Drone  
  48  4:32  Drone x4  
  48  4:35  Overlord x2  
  52  4:51  Extractor  
  51  4:53  Queen, Lair  
  51  4:54  Evolution Chamber  
  51  4:55  Evolution Chamber  
  51  5:01  Baneling x4  
  44  5:15  Zergling x6  
  44  5:16  Zergling x8  
  51  5:24  Queen  
  51  5:27  Zerg Melee Weapons Level 1  
  50  5:38  Baneling x2  
  50  5:40  Zergling x2  
  50  5:41  Zergling x8  
  55  5:46  Drone  
  55  5:47  Overlord, Drone x6  
  55  5:48  Overlord  
  62  6:02  Zergling x2  
  62  6:03  Zergling x8  
  67  6:21  Zerg Missile Weapons Level 1  
  67  6:33  Drone x3  
  67  6:34  Drone x5  
  67  6:35  Drone x2  
  77  6:43  Zergling x10  
  82  6:47  Roach Warren, Queen  
  82  6:48  Queen x2  
  82  6:50  Overlord x3  
  87  6:57  Extractor  
  77  7:03  Zergling x10  
  77  7:36  Roach  
  83  7:37  Roach x8  
  83  7:43  Zergling x8  
  80  7:59  Zergling x2  
  80  8:00  Zergling x14  
  79  8:11  Zergling x6  
  64  8:27  Roach Warren  
  45  8:56  Zergling x2  
  45  8:57  Zergling x22  
  55  9:10  Roach Warren  
  55  9:14  Zergling x4  
  51  9:53  Roach x3  
  51  9:54  Roach x5  
Show
View Real Time Build Order
Export as new Build Order

Maelstrom Zerg - Winner!

Build Orders: Pool First 

Get SALT Encoding   

  12  0:01  Drone  
  13  0:11  Drone  
  14  0:17  Extractor  
  14  0:19  Drone  
  14  0:23  Overlord  
  15  0:42  Drone  
  16  0:43  Extractor, Drone  
  16  0:52  Spawning Pool  
  16  0:53  Drone  
  16  0:58  Drone  
  17  1:08  Drone  
  18  1:20  Drone  
  19  1:29  Drone  
  20  1:38  Hatchery  
  20  1:39  Overlord  
  19  1:49  Drone  
  19  1:53  Metabolic Boost  
  20  2:02  Queen  
  20  2:04  Drone  
  23  2:10  Zergling x2  
  24  2:23  Baneling Nest  
  24  2:28  Zergling x2  
  24  2:44  Zergling x4  
  26  2:55  Drone x2  
  26  2:57  Queen  
  30  3:06  Queen  
  30  3:07  Overlord  
  32  3:13  Drone x2  
  32  3:18  Drone  
  35  3:41  Drone x4  
  39  3:51  Roach Warren  
  39  3:52  Drone x2  
  40  4:02  Drone x2  
  41  4:13  Drone x2  
  42  4:22  Zergling x2  
  42  4:23  Zergling x2  
  43  4:25  Overlord x3  
  43  4:37  Zergling x4  
  44  4:41  Baneling  
  44  4:42  Baneling  
  44  4:44  Baneling  
  44  4:45  Baneling  
  44  5:03  Lair  
  44  5:05  Drone  
  44  5:06  Drone x10  
  55  5:07  Extractor  
  55  5:08  Extractor  
  55  5:10  Extractor  
  51  5:18  Drone  
  51  5:19  Drone  
  52  5:38  Drone x5  
  57  5:48  Overlord  
  55  6:12  Queen  
  55  6:14  Glial Reconstitution  
  55  6:15  Roach x3, Hatchery  
  55  6:16  Roach x6  
  74  6:19  Overlord, Hatchery  
  74  6:20  Overlord x2  
  73  6:42  Zergling x6  
  73  6:43  Zergling x2  
  77  7:03  Roach  
  77  7:04  Roach x6  
  91  7:16  Spire  
  91  7:20  Baneling  
  91  7:22  Zergling x18  
  96  7:34  Drone  
  96  7:35  Drone x2  
  96  7:36  Evolution Chamber  
  97  7:37  Evolution Chamber  
  96  7:48  Roach  
  96  7:49  Roach x8  
  110  8:10  Drone  
  110  8:11  Drone x3  
  112  8:19  Overlord x2  
  112  8:20  Overlord x2  
  101  8:43  Roach x9  
  101  8:44  Roach x9  
  113  8:56  Roach  
  113  8:57  Roach x7  
  125  9:07  Drone x2  
  125  9:08  Drone  
  128  9:18  Overlord  
  128  9:19  Overlord x4  
  128  9:42  Overseer  
  126  9:58  Overlord x2  
  133  10:02  Ravager x3  
  133  10:03  Ravager  
  133  10:04  Drone x7  
  133  10:05  Drone x4  
  133  10:06  Extractor  
  145  10:07  Extractor  
Tags
 
Matchup
ZvZ
Race
Zerg
Replay Pack
Pack 1
Spawn Locations
Cross Positions
Add a new tag
Caveats
  • Supply blocks, unpowered buildings, or Contaminate may cause inaccurate times.
  • Supply counts are checked every 10 seconds.